 Dungeon Crawl Stone Soup version 0.26-a0-966-gd078a86f14 (webtiles) character file.

Game seed: 17264993875582578684

541678 KristoblXynda the Intangible (level 24, -13/135 HPs)
             Began as a Spriggan Berserker on Dec 3, 2020.
             Was an Initiate of Cheibriados.
             Mangled by a stone giant (30 damage)
             ... created by the rage of Trog
             ... on level 1 of the Abyss.
             The game lasted 03:17:29 (84324 turns).

KristoblXynda the Intangible (Spriggan Berserker)  Turns: 84324, Time: 03:17:30

Health: -13/135    AC: 30    Str: 22 (25) XL:     24   Next: 76%
Magic:  36/36      EV: 30    Int: 21      God:    Cheibriados [......]
Gold:   2548       SH: 16    Dex: 26      Spells: 36/40 levels left

rFire    + + .     SeeInvis +   V - +8 rapier of the Pyrrhic Victory {vorpal, rPois rN+ MR- Str+4}
rCold    + + .     Faith    .   Y - +2 buckler {AC+3}
rNeg     + . .     Spirit   .   z - +5 gold dragon scales
rPois    +         Reflect  +   l - +2 hat {MR+}
rElec    +         Harm     .   R - scarf {+Inv}
rCorr    +         Rampage  .   (gloves unavailable)
MR       +++++                  (boots unavailable)
Stlth    ..........             s - amulet "Ento" {Reflect *Drain rElec Str+5 Int+3 SH+5}
HPRegen  0.32/turn              t - ring of Omon {Fire MR+ Str+4}
MPRegen  0.25/turn              F - ring "Fanloi Padda" {rC++ rCorr Dex+7}

@: about to teleport, studying Fighting
A: very small, unfitting armour, see invisible, speed 3, weak 1
}: 3/15 runes: decaying, serpentine, silver
a: Bend Time, Renounce Religion, Evoke Invisibility


You were on level 1 of the Abyss.
You worshipped Cheibriados.
Cheibriados was noncommittal.
You visited 8 branches of the dungeon, and saw 42 of its levels.
You visited the Abyss 4 times.
You visited 2 bazaars.
You also visited: Gauntlet.

You collected 6000 gold pieces.
You spent 3452 gold pieces at shops.

Inventory:

Hand Weapons
 V - the +8 rapier of the Pyrrhic Victory (weapon) {vorpal, rPois rN+ MR- Str+4}
   (Trog gifted it to you on level 5 of the Vaults)

   It inflicts extra damage upon your enemies.
   It affects your strength (+4).
   It protects you from poison.
   It protects you from negative energy.
   It affects your resistance to hostile enchantments.
Armour
 l - a +2 hat of magic resistance (worn)
 z - +5 gold dragon scales (worn)
 R - a scarf of invisibility (worn)
 Y - a +2 buckler of protection (worn)
Jewellery
 n - the ring "Qyiroal" {EV+4 Str+3 Int+10}
   (You found it on level 3 of the Depths)

   [ring of evasion]

   It affects your evasion (+4).
   It affects your strength (+3).
   It affects your intelligence (+10).
 p - the ring "Qucuew" {rF+ rC+ Dex+4 SInv}
   (You took it off a frost giant on level 3 of the Depths)

   [ring of see invisible]

   It affects your dexterity (+4).
   It protects you from fire.
   It protects you from cold.
   It lets you see invisible.
 s - the amulet "Ento" (around neck) {Reflect *Drain rElec Str+5 Int+3 SH+5}
   (You took it off a deep elf sorcerer on level 3 of the Depths)

   [amulet of reflection]

   It shields you and reflects attacks.
   It affects your strength (+5).
   It affects your intelligence (+3).
   It insulates you from electricity.
   It causes draining when unequipped.
   It affects your SH (+5).
 t - the ring of Omon (left hand) {Fire MR+ Str+4}
   (You found it in a Gauntlet)

   [ring of fire]

   It enhances your fire magic.
   It affects your strength (+4).
   It protects you from fire.
   It makes you vulnerable to cold.
   It affects your resistance to hostile enchantments.
 F - the ring "Fanloi Padda" (right hand) {rC++ rCorr Dex+7}
   (You took it off a minotaur in a Gauntlet)

   [ring of resist corrosion]

   It affects your dexterity (+7).
   It greatly protects you from cold.
   It provides partial protection from all sources of acid and corrosion.
Wands
 c - a wand of digging (28)
 k - a wand of paralysis (9)
 r - a wand of iceblast (7)
 x - a wand of acid (11)
 A - a wand of disintegration (20)
Scrolls
 f - 21 scrolls of remove curse
 g - 3 scrolls of immolation
 h - 25 scrolls of teleportation
 j - 10 scrolls of fog
 m - 13 scrolls of amnesia
 q - 7 scrolls of fear
 w - a scroll of holy word
 J - 17 scrolls of identify
 N - 6 scrolls of blinking
 P - a scroll of magic mapping
 Q - 2 scrolls of silence
Potions
 a - 2 potions of invisibility
 b - 10 potions of might
 d - 24 potions of curing
 i - 4 potions of heal wounds
 o - 10 potions of brilliance
 v - 5 potions of mutation
 B - 2 potions of magic
 C - 2 potions of ambrosia
 G - 7 potions of flight
 O - 2 potions of cancellation
 S - a potion of resistance
Books
 D - a manual of Fighting
Miscellaneous
 e - a phantom mirror
 u - a box of beasts
 y - a condenser vane
 K - a tin of tremorstones (2/2)
 L - a phial of floods


   Skills:
 + Level 16.6 Fighting
 - Level 20.0 Short Blades
 + Level 16.0 Armour
 O Level 27 Dodging
 - Level 15.0 Stealth
 - Level 7.1 Shields
 + Level 8.9 Spellcasting
 + Level 3.5 Invocations
 - Level 20.0 Evocations


You had 36 spell levels left.
You knew the following spells:

 Your Spells              Type           Power        Failure   Level
a - Petrify               Tmut/Erth      #.......     100%        4

Your spell library contained the following spells:

 Spells                   Type           Power        Failure   Level
 Animate Skeleton         Necr           #.....       94%         1
 Corona                   Hex            #......      94%         1
 Foxfire                  Conj/Fire      ##..         94%         1
 Magic Dart               Conj           #...         94%         1
 Pain                     Necr           #...         94%         1
 Sting                    Tmut/Pois      #...         94%         1
 Ensorcelled Hibernation  Hex/Ice        #.....       98%         2
 Poisonous Vapours        Pois/Air       #.....       98%         2
 Searing Ray              Conj           #.....       98%         2
 Confusing Touch          Hex            #.......     100%        3
 Conjure Flame            Conj/Fire      ##......     100%        3
 Dazzling Flash           Conj/Hex       #.....       100%        3
 Gell's Gravitas          Tloc           #.........   100%        3
 Ignite Poison            Fire/Tmut/Pois ##......     100%        3
 Inner Flame              Hex/Fire       ##......     100%        3
 Mephitic Cloud           Conj/Pois/Air  #.......     100%        3
 Tukima's Dance           Hex            #.......     100%        3
 Vampiric Draining        Necr           #.........   100%        3
 Animate Dead             Necr           #.........   100%        4
 Fulminant Prism          Conj/Hex       #.........   100%        4
 Iskenderun's Mystic Bla  Conj/Tloc      #.......     100%        4
 Olgreb's Toxic Radiance  Pois           #.......     100%        4
 Sticky Flame             Conj/Fire      ##......     100%        4
 Summon Lightning Spire   Summ/Air       #.......     100%        4
 Agony                    Necr           #.......     100%        5
 Bolt of Magma            Conj/Fire/Erth ##........   100%        5
 Fireball                 Conj/Fire      ##........   100%        5
 Iskenderun's Battlesphe  Conj           #.......     100%        5
 Metabolic Englaciation   Hex/Ice        #.........   100%        5
 Silence                  Hex/Air        #.........   100%        5
 Summon Mana Viper        Hex/Summ       #.......     100%        5
 Yara's Violent Unravell  Hex/Tmut       #.........   100%        5
 Conjure Ball Lightning   Conj/Air       #.........   100%        6
 Iron Shot                Conj/Erth      #.........   100%        6
 Starburst                Conj/Fire      ##........   100%        6
 Orb of Destruction       Conj           #.........   100%        7
 Spellforged Servitor     Conj/Summ      #.........   100%        7
 Ignition                 Fire           ##........   100%        8
 Tornado                  Air            #.........   100%        9


Dungeon Overview and Level Annotations

Branches:
Dungeon (15/15)            Temple (1/1) D:5            Lair (6/6) D:9
  Swamp (4/4) Lair:3        Snake (4/4) Lair:2        Slime (0/5) Lair:5
    Orc (2/2) D:11            Elf (0/3) Orc:2        Vaults (5/5) D:13
  Crypt (0/3) Vaults:2     Depths (5/5) D:15            Zot (0/5) Depths:5
Gauntlet (visited)

Altars:
Ashenzari
Cheibriados
Dithmenos
Elyvilon
Fedhas
Gozag
Hepliaklqana
Kikubaaqudgha
Makhleb
Nemelex Xobeh
Okawaru
Qazlal
Ru
Sif Muna
Trog
Uskayaw
Vehumet
Wu Jian
Xom
Yredelemnul
Zin
The Shining One
Beogh
Jiyva

Shops:
D:5 :   D:9 }   D:10 *   D:13 *?   Orc:1 }   Orc:2 ?[*}   Vaults:1 !
Vaults:2 (   Vaults:3 *   Vaults:4 (   Vaults:5 }?   Depths:1 (}([

Portals:
Hell: Depths:1 Depths:2 Depths:3 Depths:4 Depths:5
Abyss: Lair:1 Depths:3 Depths:4
Pandemonium: Depths:3
Ziggurat: Depths:2

Annotations:
D:4 2 transporters
D:10 1 runed translucent door
D:13 3 runed translucent doors, Pogisch's ghost, journeyman TrMo
Snake:1 1 runed translucent door
Vaults:2 3 runed translucent doors, Ucis's ghost, adept GrEE
Depths:3 1 runed translucent door


Innate Abilities, Weirdness & Mutations

You are very small and have problems with some larger weapons.
You are too small for most types of armour.
You have supernaturally acute eyesight. (SInv)
You cover ground extremely quickly.
You are weak. (Str -2)


Message History

Unknown command.
You puncture the large abomination!
The large abomination is moderately damaged.
The stone giant completely misses you.
You block the large abomination's attack.
The iron troll closely misses you.
The iron troll completely misses you. x2
You impale the large abomination!!
The large abomination is severely damaged.
You block the stone giant's attack.
You hear a shout! x2
You hear an angry growl.
Your body is wracked with pain!
* * * LOW HITPOINT WARNING * * *
The stone giant convulses!
The raiju convulses!
You block the stone giant's attack.
Unknown command.
You hear an angry growl.
You hear a shout!
The stone giant hits you!!
You die...

§##.. . ♣ ....#3
.#.≈ # ##.
#..##.# # #.#..
## .#.. #
#.##.## # ##
#O.#.#.# ###
#.#†..#
##.####h.#.. ..#
#.@C.T.X#.#..#.)
#.#######.# . #.
.# # .# .. .. ..
... ..# ... ..##


You could see an iron troll (berserk), a stone giant (berserk), a large
abomination and a raiju.

Vanquished Creatures
  An ancient lich (Vaults:4)
  Sojobo (Vaults:4)
  4 golden dragons
  2 bone dragons (Abyss:1)
  An iron giant (shapeshifter) (Vaults:4)
  A tentacled monstrosity (Vaults:5)
  4 liches
  7 titans (Vaults:5)
  A quicksilver dragon (Depths:3)
  4 Executioners (Abyss:1)
  3 sphinxes
  2 thorn hunters (Swamp:3)
  Gastronok (Lair:3)
  3 tentacled starspawn (Abyss:1)
  3 storm dragons
  5 shadow dragons
  2 daevas
  A fenstrider witch (Swamp:3)
  A fenstrider witch (shapeshifter) (Vaults:4)
  12 nagarajas
  2 deep elf sorcerers
  12 tengu reavers
  6 vault wardens
  2 azure jellies (Swamp:4)
  8 frost giants
  2 iron dragons
  14 fire giants
  Louise (Swamp:4)
  A draconian scorcher (Depths:5)
  2 orc warlords
  An angel (Depths:2)
  12 ironheart preservers
  2 spriggan defenders (Depths:5)
  A reaper (Abyss:1)
  3 entropy weavers
  39 very ugly things
  20 stone giants
  A war gargoyle (Vaults:5)
  3 vampire knights
  Azrael (Snake:1)
  A lorocyproca (Abyss:1)
  4 bunyips
  3 yellow draconians (Depths:5)
  2 dire elephants (Depths:4)
  2 deep elf demonologists
  3 deep elf annihilators
  2 spark wasps (Depths:3)
  A red draconian (Depths:5)
  11 ettins
  A purple draconian (Depths:5)
  A minotaur (Gauntlet)
  A white draconian (Depths:5)
  2 deep elf death magi (Vaults:5)
  4 eleionomae
  5 great orbs of eyes
  5 jiangshi
  13 ogre magi
  11 fire dragons
  24 vault guards
  5 rakshasas
  16 yaktaur captains
  A ghost crab (Swamp:4)
  17 naga warriors
  8 boulder beetles
  16 ice dragons
  3 spriggan air magi
  11 hydras
  24 anacondas
  3 death knights
  12 alligators
  12 centaur warriors
  48 two-headed ogres
  An anaconda (shapeshifter) (Vaults:4)
  8 deep troll shamans
  4 tengu warriors
  The ghost of MordorOrchid the Covert, a novice GnDe of Xom (Lair:1)
  20 death yaks
  A hell hog (Lair:1)
  7 vampire magi
  9 spriggan berserkers
  A thrashing horror (Abyss:1)
  12 deep troll earth magi
  2 sun demons (Abyss:1)
  A soul eater (Abyss:1)
  11 shock serpents
  6 deep elf knights
  4 orc high priests (Orc:2)
  Sonja (D:10)
  11 naga sharpshooters
  5 iron trolls (Depths:3)
  4 skeletal warriors
  3 wretched stars (Abyss:1)
  2 shadow wraiths (Vaults:1)
  3 hell knights
  A spatial maelstrom (Abyss:1)
  7 salamander mystics
  7 flayed ghosts
  26 deep trolls
  4 spriggan druids
  3 swamp dragons
  8 goliath frogs
  5 unseen horrors
  9 wizards
  A shadow demon (Depths:3)
  4 bog bodies
  A sixfirhy (Abyss:1)
  6 glowing orange brains
  2 infernal demonspawn (Depths:3)
  A tengu zombie (Vaults:4)
  6 naga ritualists
  7 deep elf archers
  A wolf spider zombie (D:15)
  A harpy (shapeshifter) (Depths:1)
  10 ironbrand convokers
  5 lindwurms
  9 deep elf magi
  5 necromancers
  6 phantasmal warriors
  20 orc knights
  A mana viper (shapeshifter) (Depths:1)
  14 mana vipers
  53 ugly things
  A faun (shapeshifter) (Vaults:5)
  11 orc sorcerers
  3 manticores
  6 cyclopes
  A moth of wrath (shapeshifter) (Lair:1)
  6 wolf spiders
  2 will-o-the-wisps
  4 oklob plants (Lair:4)
  A salamander (shapeshifter) (D:15)
  2 worldbinders (Abyss:1)
  A shadow dragon skeleton (Abyss:1)
  5 elephants (Lair:5)
  20 vault sentinels
  16 salamanders
  A fire giant zombie (Depths:1)
  An eye of devastation (shapeshifter) (Depths:5)
  41 black mambas
  22 naga magi
  8 guardian serpents
  3 gargoyles
  2 orange demons (Abyss:1)
  Maggie (D:7)
  3 efreet
  23 cane toads
  35 yaktaurs
  A yaktaur (shapeshifter) (Vaults:5)
  A rime drake (Lair:5)
  A dire elephant skeleton (Abyss:1)
  A kobold demonologist (D:12)
  10 freezing wraiths
  A hellwing (Abyss:1)
  7 komodo dragons
  3 ice devils
  2 ancient zymes (Abyss:1)
  4 tengu conjurers
  2 bloated husks (Swamp:3)
  A meliai (shapeshifter) (Vaults:2)
  4 polar bears
  9 trolls
  A queen bee (shapeshifter) (Depths:2)
  13 tyrant leeches
  17 hornets
  12 dream sheep
  2 wind drakes (shapeshifter)
  A harpy skeleton (D:15)
  7 raiju
  35 slime creatures
  12 large abominations
  15 blink frogs
  A dream sheep (shapeshifter) (Vaults:5)
  3 flying skulls (Gauntlet)
  3 redbacks (Vaults:3)
  Sigmund (D:3)
  5 starcursed masses (Abyss:1)
  2 tarantellas
  26 yaks
  A shadow (D:14)
  3 ynoxinuls
  2 ettin skeletons
  3 vampires (Vaults:2)
  7 wraiths
  13 spriggans
  3 fire bats (Depths:2)
  6 water elementals (D:15)
  4 wyverns
  9 fire elementals
  A golden eye (shapeshifter) (Depths:2)
  2 steam dragons (D:10)
  3 basilisks
  16 vampire mosquitoes
  4 swamp worm simulacra (Swamp:4)
  5 neqoxecs
  Menkaure (D:4)
  2 chaos spawn (Abyss:1)
  A warg (shapeshifter) (Vaults:4)
  8 wargs
  A soldier ant (shapeshifter) (D:15)
  51 nagas
  A spatial vortex (Abyss:1)
  14 swamp worms
  Duvessa (D:4)
  2 acid dragons (D:15)
  13 water moccasins
  The ghost of Vrisskers the Sneak, an amateur KoEn (D:3)
  6 hell hounds
  13 hydra simulacra (Swamp:4)
  An eye of draining (shapeshifter) (Vaults:4)
  A hornet zombie (D:10)
  4 ice beasts
  47 orc warriors
  5 sky beasts
  A swamp drake (Swamp:1)
  2 black bears
  2 phantoms
  44 ogres
  3 necrophages
  2 spriggan simulacra (Depths:1)
  5 boggarts (Depths:4)
  43 centaurs
  2 elf zombies
  5 big kobolds
  29 bullfrogs
  Dowan (D:4)
  A gnoll sergeant (D:10)
  2 scorpions
  9 wights
  15 killer bees
  5 electric eels
  4 howler monkeys
  3 bullfrog zombies
  3 centaur zombies
  6 quasits
  4 hounds
  6 jellies
  7 small abominations (Abyss:1)
  A bullfrog skeleton (D:4)
  24 orc priests
  5 human zombies (D:9)
  30 orc wizards
  4 centaur skeletons
  2 iron imps (Abyss:1)
  3 human skeletons
  7 iguanas
  Ijyb (D:4)
  Natasha (thrice) (D:3)
  7 hell rats (Lair:5)
  10 worker ants
  3 hound skeletons
  A hound zombie (D:6)
  A mummy (D:9)
  8 gnolls
  A howler monkey skeleton (D:5)
  20 adders
  3 shadow imps
  7 white imps
  8 ufetubi
  5 oozes
  4 swamp drake simulacra (Swamp:4)
  An adder skeleton (D:4)
  An adder zombie (D:9)
  3 worms
  A dart slug (D:3)
  4 leopard geckos
  105 orcs
  A ball python (D:1)
  4 bats
  6 giant cockroaches
  7 goblins
  5 hobgoblins
  8 jackals
  7 quokkas
  8 frilled lizards
  26 kobolds
  2 leopard gecko zombies
  2 quokka zombies
  13 rats
  A briar patch (Swamp:3)
  A starspawn tentacle (Abyss:1)
2049 creatures vanquished.

Vanquished Creatures (collateral kills)
  Mara (Depths:2)
  Frederick (Vaults:3)
  A lich (Vaults:5)
  Frances (Swamp:1)
  A fire giant (Depths:2)
  A tengu reaver (Vaults:4)
  A frost giant (Depths:2)
  A stone giant (Depths:2)
  A deep elf demonologist (Vaults:5)
  An ettin (Depths:2)
  2 skeletal warriors (D:14)
  8 flying skulls (Gauntlet)
  A human (shapeshifter) (Vaults:5)
21 creatures vanquished.

Vanquished Creatures (others)
  A fenstrider witch (Swamp:4)
  A draconian scorcher (Depths:5)
  A deep elf high priest (Depths:5)
  A deep elf knight (Vaults:3)
  2 spriggans (Swamp:3)
  An unseen horror (D:15)
  A necromancer (Vaults:4)
  A bloated husk (Swamp:1)
  A hornet (Swamp:3)
  A fire bat (Depths:2)
  2 swamp worms
  An orc warrior (Vaults:2)
  3 orcs
  2 briar patches (Swamp:3)
  4 foxfires (Swamp:1)
  31 fungi
  A lurking horror (Abyss:1)
  148 plants
  9 starspawn tentacles (Abyss:1)
  2 withered plants (D:3)
214 creatures vanquished.

Grand Total: 2284 creatures vanquished

Notes
Turn   | Place    | Note
-------+----------+-------------------------------------------
     0 | D:1      | KristoblXynda the Spriggan Berserker began the quest for
                  | the Orb.
     0 | D:1      | Reached XP level 1. HP: 11/11 MP: 2/2
   388 | D:1      | Reached XP level 2. HP: 16/16 MP: 3/3
   898 | D:1      | Reached skill level 5 in Dodging
  1160 | D:2      | Reached XP level 3. HP: 19/19 MP: 4/4
  1263 | D:2      | Reached skill level 1 in Stealth
  1263 | D:2      | Reached ** piety under Trog
  1586 | D:2      | Found an iron altar of Okawaru.
  1591 | D:2      | Reached XP level 4. HP: 24/24 MP: 5/5
  2601 | D:3      | Noticed Sigmund
  2608 | D:3      | Killed Sigmund
  2609 | D:3      | Reached skill level 6 in Dodging
  2609 | D:3      | Reached XP level 5. HP: 28/28 MP: 6/6
  2609 | D:3      | Reached XP level 6. HP: 32/32 MP: 7/7
  3093 | D:3      | Found a runed translucent door.
  3093 | D:3      | Noticed Vrisskers's ghost (amateur KoEn)
  3385 | D:3      | Noticed Natasha
  3387 | D:3      | Killed Natasha
  3387 | D:3      | Reached *** piety under Trog
  3461 | D:3      | Noticed Natasha
  3475 | D:3      | Killed Natasha
  3488 | D:3      | Noticed Natasha
  3510 | D:3      | Killed Natasha
  3828 | D:3      | Killed Vrisskers's ghost
  3829 | D:3      | Reached skill level 5 in Short Blades
  3914 | D:4      | Noticed Menkaure
  3921 | D:4      | Killed Menkaure
  3922 | D:4      | Reached skill level 7 in Dodging
  3922 | D:4      | Reached skill level 5 in Stealth
  3922 | D:4      | Reached XP level 7. HP: 37/37 MP: 8/8
  4182 | D:4      | Found a transporter.
  5184 | D:4      | Found a transporter.
  5212 | D:4      | Reached skill level 8 in Dodging
  5212 | D:4      | Reached XP level 8. HP: 42/42 MP: 9/9
  5224 | D:4      | Noticed Ijyb
  5314 | D:4      | Killed Ijyb
  5375 | D:4      | Noticed Dowan
  5377 | D:4      | Noticed Duvessa
  5393 | D:4      | Killed Duvessa
  5395 | D:4      | Killed Dowan
  5776 | D:4      | Found a glowing golden altar of the Shining One.
  5926 | D:5      | Entered Level 5 of the Dungeon
  6119 | D:5      | Reached skill level 5 in Fighting
  6146 | D:5      | Reached skill level 9 in Dodging
  6405 | D:5      | Found Zuwnoe's Book Shop.
  6443 | D:5      | Found a staircase to the Ecumenical Temple.
  6453 | D:5      | Reached **** piety under Trog
  6588 | Temple   | Entered the Ecumenical Temple
  7571 | D:6      | Reached XP level 9. HP: 47/47 MP: 10/10
  8078 | D:7      | Reached skill level 10 in Dodging
  8501 | D:7      | Reached ***** piety under Trog
  8824 | D:7      | Found a shadowy altar of Dithmenos.
  8947 | D:7      | Noticed Maggie
  8952 | D:7      | Killed Maggie
  8953 | D:7      | Reached skill level 10 in Stealth
  9487 | D:8      | Reached skill level 1 in Evocations
  9716 | D:8      | Reached skill level 11 in Dodging
  9942 | D:8      | Found a radiant altar of Vehumet.
  9943 | D:8      | Found an opulent altar of Gozag.
  9951 | D:8      | Reached XP level 10. HP: 48/53 MP: 11/11
 10334 | D:9      | Found Folalaxt's Gadget Shoppe.
 10722 | D:9      | Found a staircase to the Lair.
 10992 | D:9      | Found a basalt altar of Yredelemnul.
 11142 | D:9      | Received a gift from Trog
 11172 | D:9      | Noticed a two-headed ogre
 11178 | D:9      | Killed a two-headed ogre
 11179 | D:9      | Reached skill level 12 in Dodging
 11179 | D:9      | Reached skill level 5 in Evocations
 11504 | Lair:1   | Entered Level 1 of the Lair of Beasts
 11525 | D:10     | Entered Level 10 of the Dungeon
 11532 | D:10     | Found a glowing golden altar of the Shining One.
 11532 | D:10     | Noticed an angel
 11736 | D:10     | Noticed an unseen horror
 11750 | D:10     | Killed an unseen horror
 11751 | D:10     | Reached skill level 10 in Short Blades
 11777 | D:10     | Reached XP level 11. HP: 57/57 MP: 12/12
 11823 | D:10     | Found a runed translucent door.
 11850 | D:10     | Noticed Sonja
 11867 | D:10     | Killed Sonja
 11980 | D:10     | Found Dyis's Elemental Accessories.
 12325 | D:11     | Reached skill level 13 in Dodging
 12580 | D:11     | Noticed a six-headed hydra
 12590 | D:11     | Killed a six-headed hydra
 12909 | D:11     | Reached skill level 1 in Armour
 13078 | D:11     | Noticed an orc knight
 13082 | D:11     | Noticed a red ugly thing
 13100 | D:11     | Killed a red ugly thing
 13104 | D:11     | Reached ****** piety under Trog
 13111 | D:11     | Killed an orc knight
 13285 | D:11     | Found a staircase to the Orcish Mines.
 13290 | D:11     | Received a gift from Trog
 13598 | D:12     | Noticed a five-headed hydra
 13610 | D:12     | Noticed a green ugly thing
 13628 | D:12     | Killed a green ugly thing
 13663 | D:12     | Found a gate leading to a gauntlet.
 13692 | Gauntlet | Entered a Gauntlet
 13692 | Gauntlet | Found a transporter.
 13692 | Gauntlet | Found a transporter.
 13716 | Gauntlet | Noticed a death ooze
 13809 | Gauntlet | Found a transporter.
 13809 | Gauntlet | Found a transporter.
 13814 | Gauntlet | Noticed a thrashing horror
 13842 | Gauntlet | Found a transporter.
 13849 | Gauntlet | Found a transporter.
 13851 | Gauntlet | Found a transporter.
 13851 | Gauntlet | Found a transporter.
 13855 | Gauntlet | Found a transporter.
 13860 | Gauntlet | Noticed a balrug
 13891 | Gauntlet | Found a transporter.
 13921 | Gauntlet | Found a transporter.
 13961 | Gauntlet | Found a transporter.
 13975 | Gauntlet | Found a transporter.
 13976 | Gauntlet | Noticed a thrashing horror
 14060 | Gauntlet | Found a transporter.
 14075 | Gauntlet | Found a transporter.
 14084 | Gauntlet | Noticed a death yak
 14085 | Gauntlet | Noticed a death yak
 14087 | Gauntlet | Noticed a death yak
 14091 | Gauntlet | Found a transporter.
 14098 | Gauntlet | Identified the amulet of the Voivode {Faith rF- Int+9
                  | Dex-3}
 14098 | Gauntlet | Noticed a necromancer
 14256 | Gauntlet | Reached XP level 12. HP: 65/65 MP: 13/13
 14322 | Gauntlet | Reached skill level 14 in Dodging
 14384 | Gauntlet | Got a shimmering bone ring
 14388 | Gauntlet | Identified the ring of Omon {Fire MR+ Str+4} (You found it
                  | in a Gauntlet)
 14691 | Gauntlet | Identified the ring "Fanloi Padda" {rC++ rCorr Dex+7}
 14691 | Gauntlet | Noticed a minotaur
 14703 | Gauntlet | Killed a minotaur
 14828 | Gauntlet | Identified the Disquisition on Summoning and Fire
 15021 | D:11     | Killed a five-headed hydra
 15229 | D:12     | Reached skill level 10 in Evocations
 15398 | D:12     | Received a gift from Trog
 15418 | D:12     | Noticed a boulder beetle
 15433 | D:12     | Killed a boulder beetle
 16671 | D:13     | Reached skill level 15 in Dodging
 16881 | D:13     | Found Yreorat's Magic Scroll Boutique.
 17099 | D:13     | Reached skill level 1 in Shields
 17099 | D:13     | Reached XP level 13. HP: 57/70 MP: 14/14
 17250 | D:13     | Found a gate to the Vaults.
 17335 | D:13     | Found a runed translucent gate.
 17335 | D:13     | Found a runed translucent gate.
 17336 | D:13     | Noticed Pogisch's ghost (journeyman TrMo)
 17337 | D:13     | Found a runed translucent gate.
 17340 | D:13     | Found Wifoom's General Store.
 18196 | D:14     | Received a gift from Trog
 18894 | D:14     | Reached skill level 5 in Armour
 18932 | D:14     | Reached skill level 10 in Fighting
 19870 | D:15     | Entered Level 15 of the Dungeon
 19950 | D:15     | Reached skill level 16 in Dodging
 21062 | D:15     | Received a gift from Trog
 21426 | D:15     | Reached XP level 14. HP: 69/77 MP: 15/15
 21481 | D:15     | Found a staircase to the Depths.
 22579 | Lair:1   | Found a one-way gate to the infinite horrors of the Abyss.
 22579 | Lair:1   | Noticed MordorOrchid's ghost (novice GnDe)
 22586 | Lair:1   | Found a transporter.
 22680 | Lair:1   | Found a transporter.
 23541 | Lair:2   | Found a staircase to the Snake Pit.
 24548 | Lair:3   | Found a staircase to the Swamp.
 24633 | Lair:3   | Reached skill level 17 in Dodging
 24707 | Lair:3   | Reached skill level 5 in Shields
 24915 | Lair:3   | Noticed Gastronok
 24919 | Lair:3   | Killed Gastronok
 24919 | Lair:3   | Received a gift from Trog
 25268 | Lair:4   | Identified a scroll of acquirement
 25268 | Lair:4   | Acquired the +7 lajatang of Order {silver, rMut}
 25269 | Lair:4   | Found the +7 lajatang of Order {silver, rMut}
 27178 | Lair:5   | Found a runed translucent door.
 27179 | Lair:5   | Found a viscous altar of Jiyva.
 27181 | Lair:5   | Found a staircase to the Slime Pits.
 27647 | Lair:6   | Entered Level 6 of the Lair of Beasts
 27678 | Lair:6   | Reached XP level 15. HP: 80/80 MP: 16/16
 27709 | Lair:6   | Received a gift from Trog
 28128 | Lair:6   | Reached skill level 18 in Dodging
 29427 | Lair:6   | Got a brightly glowing lead ring
 29431 | Lair:6   | Identified the ring of Desertification {+Fly Int+6} (You
                  | found it on level 6 of the Lair of Beasts)
 30203 | Orc:1    | Entered Level 1 of the Orcish Mines
 30203 | Orc:1    | Found a roughly hewn altar of Beogh.
 30608 | Orc:1    | You fall into a shaft and drop 1 floor!
 30608 | Orc:2    | Entered Level 2 of the Orcish Mines
 31182 | Orc:2    | Noticed an orc warlord
 31209 | Orc:2    | Killed an orc warlord
 31383 | Orc:2    | Received a gift from Trog
 31443 | Orc:2    | Found a staircase to the Elven Halls.
 31514 | Orc:1    | Found Echylezi's Gadget Shop.
 31545 | Orc:1    | Bought a wand of iceblast (8) for 168 gold pieces
 31545 | Orc:1    | Bought a wand of digging (6) for 280 gold pieces
 31545 | Orc:1    | Bought a wand of acid (10) for 392 gold pieces
 31778 | Orc:2    | Reached skill level 19 in Dodging
 32207 | Orc:2    | Found Niatz's Armour Shop.
 32207 | Orc:2    | Found Yritin's Magic Scroll Emporium.
 32209 | Orc:2    | Found Tojuimes's Gadget Shop.
 32209 | Orc:2    | Found Avvew's General Store.
 32220 | Orc:2    | Bought a scroll of enchant armour for 105 gold pieces
 32220 | Orc:2    | Bought a scroll of enchant weapon for 105 gold pieces
 32220 | Orc:2    | Bought a scroll of enchant weapon for 105 gold pieces
 32220 | Orc:2    | Bought a scroll of enchant armour for 105 gold pieces
 32220 | Orc:2    | Bought a scroll of enchant armour for 105 gold pieces
 32486 | Snake:1  | Entered Level 1 of the Snake Pit
 32513 | Snake:1  | Reached XP level 16. HP: 75/85 MP: 17/17
 32784 | Snake:1  | Noticed Azrael
 32810 | Snake:1  | Killed Azrael
 33196 | Snake:1  | You fall into a shaft and drop 1 floor!
 33404 | Snake:2  | Received a gift from Trog
 33892 | Snake:1  | Found a runed translucent door.
 35524 | Snake:3  | Found a flickering gateway to a bazaar.
 35534 | Bazaar   | Entered a bazaar
 35534 | Bazaar   | Found Enouma's Antique Weapon Shop.
 35534 | Bazaar   | Found Tiddoig's Assorted Antiques.
 35544 | Bazaar   | Found Mufily's Antique Armour Shoppe.
 35555 | Bazaar   | Found Niucuohol's General Store.
 35571 | Bazaar   | Found Anuim's Jewellery Shoppe.
 35611 | Bazaar   | Bought a murky red potion for 19 gold pieces
 35614 | Bazaar   | Bought a scroll of blinking for 165 gold pieces
 35614 | Bazaar   | Bought a scroll of blinking for 165 gold pieces
 35614 | Bazaar   | Bought 2 potions of mutation for 352 gold pieces
 36066 | Snake:3  | Reached skill level 15 in Stealth
 36095 | Snake:3  | Received a gift from Trog
 36119 | Snake:3  | Reached skill level 20 in Dodging
 37602 | Snake:4  | Entered Level 4 of the Snake Pit
 37724 | Snake:4  | Reached XP level 17. HP: 66/90 MP: 18/18
 37762 | Snake:4  | Reached skill level 10 in Armour
 38661 | Snake:4  | Received a gift from Trog
 39061 | Snake:4  | Got a masterwork kite shield
 40756 | Snake:4  | Received a gift from Trog
 40757 | Snake:4  | Reached skill level 21 in Dodging
 41746 | Snake:4  | Reached skill level 15 in Evocations
 41758 | Snake:4  | Reached XP level 18. HP: 43/96 MP: 19/19
 41832 | Snake:4  | Got a serpentine rune of Zot
 42321 | Swamp:1  | Entered Level 1 of the Swamp
 42324 | Swamp:1  | Received a gift from Trog
 42488 | Swamp:1  | Noticed Frances
 42501 | Swamp:1  | Killed Frances
 44872 | Swamp:3  | Reached skill level 22 in Dodging
 45250 | Swamp:3  | Received a gift from Trog
 45999 | Swamp:4  | Entered Level 4 of the Swamp
 46011 | Swamp:4  | Noticed Louise
 46895 | Swamp:4  | Killed Louise
 47063 | Swamp:4  | Reached skill level 15 in Short Blades
 47470 | Swamp:4  | Received a gift from Trog
 47780 | Swamp:4  | Got a decaying rune of Zot
 48769 | Depths:1 | Entered Level 1 of the Depths
 49215 | D:15     | Reached XP level 19. HP: 96/102 MP: 20/20
 50736 | Depths:1 | Found a gateway to Hell.
 50793 | Depths:1 | Found Susch's Antique Weapon Boutique.
 50795 | Depths:1 | Found Rewnyzoun's Antique Weapon Shop.
 50795 | Depths:1 | Found Erphyib's Gadget Boutique.
 50798 | Depths:1 | Found Likis's Antique Armour Shop.
 50800 | Depths:1 | Bought an encrusted dagger for 224 gold pieces
 50801 | Depths:1 | Identified the +9 dagger "Evvagot" {speed, +Blink +Rage
                  | rF+} (You bought it in a shop on level 1 of the Depths)
 51023 | Depths:1 | Received a gift from Trog
 51089 | Depths:1 | Reached skill level 23 in Dodging
 53236 | Depths:2 | Received a gift from Trog
 53782 | Depths:2 | Noticed a golden dragon
 53793 | Depths:2 | Killed a golden dragon
 53988 | Depths:2 | Found a gateway to a ziggurat.
 54319 | Vaults:1 | Entered Level 1 of the Vaults
 54962 | Vaults:1 | Reached XP level 20. HP: 109/109 MP: 21/21
 55525 | Vaults:1 | Found Zireyreb's Distillery.
 56014 | Vaults:1 | Received a gift from Trog
 56329 | Vaults:1 | Got an ancient cloak
 56330 | Vaults:1 | Identified the +1 cloak of Wafriepn {rElec Regen+ Dex-4
                  | Slay-3} (You found it on level 1 of the Vaults)
 57091 | Vaults:2 | You fall into a shaft and drop 1 floor!
 57589 | Vaults:3 | Found Pabrafaps's Assorted Antiques.
 57597 | Vaults:3 | Bought a scroll of blinking for 292 gold pieces
 57907 | Vaults:3 | Noticed Frederick
 57948 | Vaults:3 | Killed Frederick
 57949 | Vaults:3 | Reached skill level 24 in Dodging
 58595 | Vaults:3 | Received a gift from Trog
 59473 | Vaults:2 | Found a runed translucent gate.
 59473 | Vaults:2 | Found a runed translucent gate.
 59473 | Vaults:2 | Found a runed translucent gate.
 59475 | Vaults:2 | Noticed Ucis's ghost (adept GrEE)
 60065 | Vaults:2 | Found Ysain's Antique Weapon Shoppe.
 60213 | Vaults:2 | Received a gift from Trog
 60368 | Vaults:2 | Found a staircase to the Crypt.
 61219 | Vaults:2 | Reached XP level 21. HP: 110/115 MP: 22/22
 62168 | Vaults:4 | Noticed Sojobo
 62279 | Vaults:4 | Received a gift from Trog
 62297 | Vaults:4 | Killed Sojobo
 62602 | Vaults:4 | Found Ceodas's Weapon Boutique.
 63655 | Vaults:5 | Entered Level 5 of the Vaults
 64025 | Vaults:4 | Received a gift from Trog
 64639 | Vaults:4 | Reached skill level 25 in Dodging
 65250 | Vaults:5 | Identified the cursed +1 chain mail "Ziqoi" {rPois}
 65251 | Vaults:5 | Noticed an ancient lich
 65492 | Vaults:4 | Killed an ancient lich
 66229 | Vaults:5 | Reached XP level 22. HP: 74/121 MP: 23/23
 66260 | Vaults:5 | Noticed a golden dragon
 66290 | Vaults:5 | Killed a golden dragon
 67098 | Vaults:5 | Received a gift from Trog
 67643 | Vaults:5 | Identified the +6 short sword of Conservatism {vorpal,
                  | Dex+2}
 68359 | Vaults:5 | Found Luarion's Magic Scroll Shoppe.
 68359 | Vaults:5 | Identified the +9 quick blade of Wu Jian's Envy {drain,
                  | Str+3}
 68359 | Vaults:5 | Identified the +2 leather armour "Zisof Bof" {Str+2}
 68509 | Vaults:5 | Got a dazzling short sword
 68654 | Vaults:5 | Identified the cursed +3 short sword of Intuition {vorpal,
                  | MR++ Int+2} (You found it on level 5 of the Vaults)
 68662 | Vaults:5 | Bought a scroll of blinking for 150 gold pieces
 69149 | Vaults:5 | Received a gift from Trog
 69182 | Vaults:5 | Got a shimmering rapier {god gift}
 69206 | Vaults:5 | Identified the +8 rapier of the Pyrrhic Victory {vorpal,
                  | rPois rN+ MR- Str+4} (Trog gifted it to you on level 5 of
                  | the Vaults)
 69909 | Vaults:4 | Reached skill level 15 in Fighting
 70002 | Vaults:5 | Got a silver rune of Zot
 70048 | Vaults:5 | Reached skill level 26 in Dodging
 70255 | Vaults:5 | Found Kunauti's Gadget Shoppe.
 70420 | Vaults:5 | Bought a phantom mirror for 720 gold pieces
 70906 | Lair:1   | Killed MordorOrchid's ghost
 70928 | Lair:1   | Gained mutation: You are weak. (Str -2) [a neqoxec]
 72207 | Depths:2 | Noticed Mara
 72211 | Depths:2 | Noticed KristoblXynda's illusion
 72255 | Depths:2 | Killed Mara
 73231 | Depths:3 | Received a gift from Trog
 73272 | Depths:3 | Found a runed translucent door.
 73274 | Depths:3 | Noticed a golden dragon
 73304 | Depths:3 | Reached XP level 23. HP: 96/126 MP: 24/24
 73361 | Depths:3 | Identified the ring "Qucuew" {rF+ rC+ Dex+4 SInv}
 73380 | Depths:3 | Identified the amulet "Ento" {Reflect *Drain rElec Str+5
                  | Int+3 SH+5}
 73677 | Depths:3 | Got a scorched graven amulet
 73678 | Depths:3 | Identified the amulet "Orghaerec" {Acrobat rF+ Int-5 SInv}
                  | (You found it on level 3 of the Depths)
 73757 | Depths:3 | Got a transparent lapis lazuli ring
 73758 | Depths:3 | Identified the ring "Qyiroal" {EV+4 Str+3 Int+10} (You
                  | found it on level 3 of the Depths)
 74527 | Depths:3 | Received a gift from Trog
 74595 | Depths:3 | Reached skill level 15 in Armour
 74706 | Depths:3 | Found a one-way gate leading to the halls of Pandemonium.
 75520 | Depths:4 | Found a flickering gateway to a bazaar.
 75528 | Bazaar   | Entered a bazaar
 75571 | Bazaar   | Found Gussue Gode's Armour Emporium.
 75711 | Bazaar   | Found Cuffa's General Store.
 76184 | Depths:4 | Reached skill level 27 in Dodging
 76413 | Depths:4 | Reached skill level 1 in Spellcasting
 76620 | Depths:4 | Received a gift from Trog
 76716 | Depths:4 | Found a radiant altar of Vehumet.
 77144 | Depths:5 | Entered Level 5 of the Depths
 77678 | Depths:5 | Reached XP level 24. HP: 130/133 MP: 30/30
 77727 | Depths:5 | Received a gift from Trog
 78099 | Depths:5 | Reached skill level 5 in Spellcasting
 78428 | Depths:5 | Found a gate to the Realm of Zot.
 81277 | Temple   | Fell from the grace of Trog
 81277 | Temple   | Became a worshipper of Cheibriados the Contemplative
 81283 | Temple   | Learned a level 4 spell: Petrify
 81464 | Lair:1   | Acquired a manual of Fighting
 81540 | Lair:1   | Voluntarily entered the Abyss.
 81547 | Abyss:1  | Found a corrupted altar of Lugonu.
 82029 | Abyss:1  | Reached skill level 1 in Invocations
 82038 | Lair:1   | Escaped the Abyss
 82125 | Lair:1   | Voluntarily entered the Abyss.
 82437 | Abyss:2  | Found a corrupted altar of Lugonu.
 82444 | Abyss:2  | Found a corrupted altar of Lugonu.
 82492 | Abyss:2  | Noticed an ancient lich
 82576 | Lair:1   | Escaped the Abyss
 82834 | Lair:1   | Voluntarily entered the Abyss.
 83906 | Lair:1   | Escaped the Abyss
 83912 | Lair:1   | Voluntarily entered the Abyss.
 84324 | Abyss:1  | Mangled by a stone giant

Illustrated notes

Levels and vault maps discovered:
D:1:      co_arrival_random_square_maze, layout_loops_ring, st_stairs_12
D:2:      layout_rooms, serial_aquarium, aquarium_bridge_long_separate
          [aquarium_subvault_bridge, aquarium_subvault_wall,
          aquarium_subvault_window, aquarium_subvault_bridge,
          aquarium_subvault_wall, aquarium_subvault_bridge],
          aquarium_bridge_straight [aquarium_subvault_bridge,
          aquarium_subvault_window, aquarium_subvault_bridge,
          aquarium_subvault_window], aquarium_window_1, aquarium_window_3,
          aquarium_view_2b, aquarium_view_2d, aquarium_balcony_double_4,
          minmay_misc_feat_four_crosses, okawaru_altar_gauntlet_db
D:3:      layout_loops_corners, gammafunk_ghost_grave, minmay_between,
          uniq_sigmund, uniq_natasha
D:4:      gammafunk_wand_slinger, layout_gridville, tso_altar, uniq_ijyb,
          uniq_duvessa, uniq_menkaure
D:5:      layout_basic, temple_fountains, serial_shops, kennysheep_mini_moat
D:6:      layout_basic, kennysheep_potato
D:7:      wad_pebble_path, layout_layer_cave, grunt_dithmenos_shadows,
          uniq_maggie
D:8:      layout_loops_ring, gammafunk_temple_overflow_pools
D:9:      layout_loops_ring, lemuel_mausoleum_altar_yredelemnul,
          lair_entry_dummy, serial_shops, nicolae_shop_statue_plus
D:10:     minmay_distorted_concentric_squares, layout_irregular_city,
          nicolae_elemental_shop, minmay_misc_feat_roman, lemuel_angel_altar,
          uniq_sonja
D:11:     layout_roguey, erik_orc_2
D:12:     layout_big_octagon, gauntlet_entry_generic, bh_walls_and_bars
D:13:     layout_basic, david_vaults_4, serial_shops, shop, shop_statue,
          gammafunk_ghost_split, grunt_ministairs_4
D:14:     layout_small_grid
D:15:     hangedman_depths_entry_try_elsewhere_first, layout_loops_corners,
          minivault_4, serial_bayou_lagoon_b
Temple:   dpeg_five_rooms_temple
Lair:1:   layout_regular_city, gammafunk_ghost_abyssal_escape,
          lemuel_fruit_tree, lemuel_fruit_fields
Lair:2:   layout_long_grid, minmay_snake_entry_guardpost_medium
Lair:3:   layout_misc_corridors, minmay_swamp_entry_swarm, uniq_gastronok
Lair:4:   layout_regular_city, minmay_lair_oklob_chamber, grunt_megastairs_2,
          serial_bayou_shore_a
Lair:5:   layout_small_grid, slime_altar_2, grunt_megastairs_3,
          serial_bayou_shore_b
Lair:6:   minmay_lair_end_frog_pond, layout_loops_ring, lemuel_fruit_fields
Swamp:1:  layout_basic_swamp, evilmike_swamp_ruin_house_1, uniq_frances
Swamp:2:  layout_basic_swamp, nicolae_swamp_triple_paths, swamp_pool4
Swamp:3:  layout_falls_marsh, evilmike_swamp_ruin_house_5
Swamp:4:  swamp_icy, layout_basic_swamp, uniq_louise
Snake:1:  cheibrodos_toxic_ritual, layout_honeycomb, uniq_azrael
Snake:2:  layout_misc_corridors, special_room, hangedman_snake_corridor_split
Snake:3:  layout_rooms, serial_shops, bzr_in_the_mist
Snake:4:  snake_pit_salamanders_mu, layout_cave_town, st_stairs_6,
          hangedman_snake_thin_pillar_pass, fake_guardian_serpent_vault,
          grunt_megastairs_5
Orc:1:    layout_caves, basic_altar, serial_shops, nicolae_shop_statue_plus
Orc:2:    grunt_orc_tribal_feast, layout_diamond_mine
Vaults:1: nicolae_vaults_quadrants, vaults_mumra_lcd,
          nicolae_vaults_windows_and_doors_thing, v_pattern_2,
          vaults_room_corners, vaults_room_grunt_arrival_ludios,
          hangedman_vaults_maws, hangedman_vaults_trim,
          nicolae_vaults_little_squares_3, layout_vaults_chaotic_city,
          serial_shops, nicolae_shop_statue_plus
Vaults:2: gammafunk_vaults_ghost_tricky_traps, v_alt_pattern_5,
          nicolae_vaults_network_s, ontoclasm_vaults_gateway,
          minmay_crypt_entry_vampire_xt, nicolae_vaults_diagonal_hallway_8,
          grunt_vaults_hallway_short, v_rooms_4, ontoclasm_vaults_chip,
          nicolae_vaults_little_squares_2, v_misc_23,
          ontoclasm_vaults_loading_screen, vaults_room_ringed_pool,
          ontoclasm_vaults_fault, vaults_room_door_ring, layout_vaults_ring,
          serial_shops, nicolae_shop_waterfront
Vaults:3: v_misc_3, nicolae_vaults_lopsided_apartments,
          nicolae_vaults_little_squares_2, ontoclasm_vaults_ring_large,
          nicolae_vaults_puzzle_piece, nicolae_vaults_angled_halls,
          nicolae_vaults_what_the_h, v_misc_22, grunt_vaults_hallway_long,
          ontoclasm_vaults_spin, nicolae_vaults_yaktaur_gun_rack,
          vaults_room_hallway, ontoclasm_vaults_idyll, vaults_dpeg_spiral,
          layout_vaults_big_cross, serial_shops, nicolae_shop_crystal,
          uniq_frederick
Vaults:4: nicolae_vaults_little_squares_2, v_pattern_3, nicolae_vaults_alarming,
          vaults_room_fours, layout_vaults_quadrants, serial_shops, shop,
          uniq_sojobo
Vaults:5: serial_shops, uniq_margery
Depths:1: layout_cave_shapes, minmay_misc_feat_nine_boxes,
          pf_hell_entry_tar_spiral, grunt_decor_one_mirror,
          minmay_misc_feat_room, kennysheep_generic_room_3, minmay_shoptagon,
          firewood_loft
Depths:2: minmay_blocking_statues, layout_basic, enter_ziggurat_d, hell_entry,
          hex_intersection, uniq_mara
Depths:3: minmay_the_grid_triangle_9x9_rhombus_thin
          [minmay_the_grid_triangle_9x9_corruption,
          minmay_the_grid_triangle_9x9_prize_special,
          minmay_the_grid_triangle_9x9_negative_grid,
          minmay_the_grid_triangle_9x9_subtriangle], layout_cave_pools,
          hangedman_decor_opposing, nicolae_abyss_entry_one_way_or_another,
          hell_entry, rand_demon_pan_entry_8, infiniplex_staircase_door_maze
Depths:4: kennysheep_ogre_elephant_herders, layout_gridlike,
          serial_bayou_pond_d, abyss_entry, hell_entry, serial_shops,
          bzr_entry_water, grunt_tower_of_power, infiniplex_staircase_pool_2
Depths:5: grunt_zot_entry_hairpin, layout_basic, hell_entry,
          grunt_decor_fettered
Abyss:1:  base: Depths:4, bh_abyss_xom_lugonu_altar, base: D:4, base: Depths:2,
          hangedman_abyss_or_decor_stabs, minivault_20, minivault_20,
          minivault_5, base:
Depths:5

Skill      XL: |  1  2  3  4  5  6  7  8  9 10 11 12 13 14 15 16 17 18 19 20 21 22 23 24 |
---------------+-------------------------------------------------------------------------+-----
Dodging        | 5 6 7 8 9 11 12 13 15 16 17 19 20 21 22 23 24 25 26 27 | 27.0
Stealth        | 1 3 5 6 8 10 13 15 | 15.0
Fighting       | 3 4 5 6 7 8 9 10 11 12 13 14 15 16 | 16.6
Short Blades   | 4 5 6 7 8 10 11 12 13 14 15 16 17 18 19 20 | 20.0
Evocations     | 2 6 9 10 11 13 15 17 18 19 20 | 20.0
Armour         | 2 4 5 7 8 9 10 11 12 13 14 15 16 | 16.0
Shields        | 1 4 6 7 |  7.1
Spellcasting   | 4 8 |  8.9
Invocations    | 3 |  3.5

Action                   |  1- 3 |  4- 6 |  7- 9 | 10-12 | 13-15 | 16-18 | 19-21 | 22-24 || total
-------------------------+-------+-------+-------+-------+-------+-------+-------+-------++-------
Melee: Short sword       |   137 |   181 |   471 |   173 |       |       |       |       ||   962
       Quick blade       |       |       |       |   778 |  2418 |  2636 |  3456 |  2981 || 12269
       Rapier            |       |       |       |       |       |       |       |   876 ||   876
Invok: Berserk           |     4 |     6 |     5 |     7 |    16 |    27 |    37 |    15 ||   117
       Trog's Hand       |       |       |       |     1 |     2 |     5 |     3 |     2 ||    13
       Brothers in Arms  |       |       |       |     1 |     1 |     1 |     3 |     3 ||     9
       Bend Time         |       |       |       |       |       |       |       |     2 ||     2
 Abil: Evoke Invisibilit |       |       |       |       |     2 |     1 |     4 |     1 ||     8
Evoke: Wand              |       |       |     2 |    15 |    21 |    22 |    10 |    38 ||   108
       Condenser vane    |       |       |       |       |     1 |     1 |       |     1 ||     3
  Use: Scroll            |       |     3 |    10 |    18 |    13 |    10 |     8 |    18 ||    80
       Potion            |       |     1 |       |     3 |     2 |     5 |     3 |     5 ||    19
 Stab: Sleeping          |     1 |     7 |    20 |    29 |    36 |    32 |    57 |    25 ||   207
       Paralysed         |       |       |     1 |     2 |     2 |     1 |     3 |     2 ||    11
       Distracted        |       |       |     1 |     1 |     9 |     3 |     1 |    14 ||    29
       Invisible         |       |       |       |       |    32 |     3 |    27 |     8 ||    70
       Confused          |       |       |       |       |       |       |       |     1 ||     1
Armor: Animal skin       |     8 |     2 |     9 |       |       |       |       |       ||    19
       Swamp dragon scal |       |       |    10 |    54 |    42 |    80 |    74 |    83 ||   343
       Gold dragon scale |       |       |       |       |       |       |       |    55 ||    55
Dodge: Dodged            |   113 |   141 |   344 |   478 |   726 |   868 |   993 |  1392 ||  5055
Block: Buckler           |       |       |       |     7 |   470 |   773 |   991 |  1261 ||  3502
       Reflection        |       |       |       |       |     7 |    65 |    82 |    29 ||   183

Table legend: (Time is in decaauts)
 A = Elapsed time spent in this place.
 B = Non-inter-level travel time spent in this place.
 C = Inter-level travel time spent in this place.
 D = Time resting spent in this place.
 E = Time spent auto-exploring this place.
 F = Levels seen in this place.
 G = Mean time per level.
                   A        B        C        D        E       F      G
               +--------+--------+--------+--------+--------+-----+--------+
         Total |  62613 |  59209 |   3404 |  29995 |  15255 |  50 | 1252.3 |
       Dungeon |  18496 |  16751 |   1745 |   7658 |   6044 |  15 | 1233.1 |
        Temple |    229 |    122 |    107 |      0 |    114 |   1 |  229.0 |
          Lair |   5933 |   5509 |    424 |   1989 |   2020 |   6 |  988.8 |
         Swamp |   5073 |   4968 |    105 |   3087 |    821 |   4 | 1268.2 |
     Snake Pit |   7447 |   7249 |    198 |   4929 |    829 |   4 | 1861.8 |
  Orcish Mines |   1448 |   1395 |     53 |    639 |    361 |   2 |  724.0 |
        Vaults |  11217 |  10726 |    491 |   5363 |   2727 |   5 | 2243.4 |
        Depths |   9451 |   9173 |    278 |   4958 |   1663 |   5 | 1890.2 |
         Abyss |   2051 |   2051 |      0 |    637 |    472 |   5 |  410.2 |
        Bazaar |    255 |    255 |      0 |    133 |     14 |   2 |  127.5 |
      Gauntlet |   1008 |   1008 |      0 |    598 |    186 |   1 | 1008.0 |
               +--------+--------+--------+--------+--------+-----+--------+

Top non-repeatable levels by time:
Vaults:4: 3669 daAuts
 Snake:4: 3543 daAuts
    D:15: 3210 daAuts
Depths:1: 2579 daAuts
Depths:5: 2401 daAuts
Vaults:5: 2274 daAuts
Depths:2: 2101 daAuts
 Snake:2: 2017 daAuts
 Abyss:1: 1887 daAuts
Vaults:1: 1810 daAuts
Vaults:2: 1775 daAuts
     D:4: 1755 daAuts
 Swamp:3: 1702 daAuts
Vaults:3: 1688 daAuts
    D:13: 1591 daAuts
